 Dungeon Crawl Stone Soup version 0.30.1-11-g7821555f0a (webtiles) character file.

Game seed: 12788274363601122848

2891 ChrisAssaf the Nimble (level 9, -4/81 HPs)
             Began as a Gnoll Monk on Nov 12, 2023.
             Slain by a yak (10 damage)
             ... on level 10 of the Dungeon.
             The game lasted 00:27:18 (6987 turns).

ChrisAssaf the Nimble (Gnoll Monk)                  Turns: 6987, Time: 00:27:19

Health: -4/81      AC:  9    Str: 11 (12) XL:     9   Next: 77%
Magic:  0/16       EV: 13    Int:  9 (11) God:
Gold:   298        SH:  0    Dex: 11 (14) Spells: 13/17 levels left

rFire   . . .        g - +0 dagger (distort)
rCold   + . .        d - orb {light}
rNeg    + . .        j - +1 ring mail {rPois}
rPois   +            i - +1 helmet
rElec   .            (no cloak)
rCorr   .            (no gloves)
SInv    .            (no boots)
Will    .....        e - amulet "Huecasch" {Spirit rC+ rN+}
Stlth   +            v - ring of poison resistance
HPRegen 0.33/turn    (no ring)
MPRegen 0.15/turn

%: guardian spirit
@: glowing
A: fangs 1, strong nose, distributed training, clumsy 1, poison resistance,
robust 1
a: no special abilities


You were on level 10 of the Dungeon.
You visited 1 branch of the dungeon, and saw 10 of its levels.

You collected 480 gold pieces.
You spent 182 gold pieces at shops.

Inventory:

Hand Weapons
 a - a +0 hand axe
 g - a +0 dagger of distortion (weapon)
Armour
 b - a +1 robe
 d - an orb of light (worn)
 i - a +1 helmet (worn)
 j - a +1 ring mail of poison resistance (worn)
Jewellery
 e - the amulet "Huecasch" (around neck) {Spirit rC+ rN+}
   (You found it on level 9 of the Dungeon)

   [amulet of guardian spirit]

   It causes incoming damage to be divided between your reserves of health and
   magic.
   rC:        It protects you from cold.
   rN:        It protects you from negative energy.
 v - a ring of poison resistance (left hand)
Wands
 c - a wand of polymorph (4)
 r - a wand of flame (41)
 t - a wand of iceblast (2)
 B - a wand of mindburst (8)
 C - a wand of digging (6)
Scrolls
 m - 2 scrolls of amnesia
 n - 2 scrolls of magic mapping
 p - a scroll of immolation
 w - a scroll of torment
 y - a scroll of noise
 D - a scroll of fog
Potions
 f - a potion of degeneration
 h - 2 potions of magic
 o - 2 potions of invisibility
 q - 2 potions of flight
 s - a potion of attraction
 z - a potion of resistance
 A - a potion of mutation


   Skills:
 + Level 8.2 Fighting
 + Level 4.7 Short Blades
 + Level 4.7 Long Blades
 + Level 8.2 Axes
 + Level 4.7 Maces & Flails
 + Level 4.7 Polearms
 + Level 4.7 Staves
 + Level 4.7 Ranged Weapons
 + Level 4.7 Throwing
 + Level 4.7 Armour
 + Level 8.2 Dodging
 + Level 4.7 Stealth
 + Level 4.7 Shields
 + Level 4.7 Unarmed Combat
 + Level 4.7 Spellcasting
 + Level 3.9 Conjurations
 + Level 3.9 Hexes
 + Level 3.9 Summonings
 + Level 3.9 Necromancy
 + Level 3.9 Translocations
 + Level 3.9 Transmutations
 + Level 3.9 Fire Magic
 + Level 3.9 Ice Magic
 + Level 3.9 Air Magic
 + Level 3.9 Earth Magic
 + Level 3.9 Poison Magic
 + Level 5.2 Invocations
 + Level 4.7 Evocations


You had 13 spell levels left.
You knew the following spells:

 Your Spells              Type           Power      Damage    Failure   Level
a - Momentum Strike       Conj/Tloc      18%        3d8       17%         2
b - Blink                 Tloc           18%        N/A       17%         2

Your spell library contained the following spells:

 Spells                   Type           Power      Damage    Failure   Level
 Lesser Beckoning         Tloc           18%        N/A       17%         2
 Conjure Ball Lightning   Conj/Air       4%         3x3d6     100%        6
 Discord                  Hex            4%         N/A       100%        8
 Disjunction              Tloc           4%         N/A       100%        8


Dungeon Overview and Level Annotations

Branches:
Dungeon (10/15)
 Temple: D:4-7         Lair: D:8-11         Orc: D:9-12

Altars:
Ashenzari
Fedhas
Hepliaklqana
Kikubaaqudgha
Okawaru

Shops:
D:4 [   D:6 [

Annotations:
Abyss:1 Crazy Yiuf, Ijyb


Innate Abilities, Weirdness & Mutations

You have very sharp teeth.
Your uncanny sense of smell can sniff out nearby items.
Your experience applies equally to all skills.
You are clumsy. (Dex -2)
Your system is resistant to poisons. (rPois)
You are robust. (+10% HP)


Message History

q - 2 potions of flight (gained 1)
There are no items here.
Found a halberd.
You feel yourself slow down.
You see here a +0 spear.
Found 12 gold pieces.
Found 21 gold pieces.
You see here 12 gold pieces.
You now have 298 gold pieces (gained 12).
You hit the yak but do no damage. You hit the yak but do no damage.
Space warps horribly around the yak!!
The yak is heavily wounded.
The yak gores you!
The yak bellows!
You hit the yak.
Space warps around the yak.
The yak is severely wounded.
The yak gores you but does no damage.
You hit the yak but do no damage.
Space warps around the yak.
You bite the yak, but do no damage.
The yak is severely wounded.
The yak gores you. The yak gores you!
* * * LOW HITPOINT WARNING * * *
You hit the yak but do no damage.
Space warps around the yak.
The yak is almost dead.
You completely miss the yak.
The yak is almost dead.
The yak closely misses you. The yak misses you.
You hit the yak but do no damage. You bite the yak.
The yak is almost dead.
The yak blinks!
The yak gores you.
* * * LOW HITPOINT WARNING * * *
The yak attacks as you move away! The yak gores you!
* * * LOW HITPOINT WARNING * * *
A kobold demonologist comes into view. It is wielding a +0 flail.
The yak gores you!
* * * LOW HITPOINT WARNING * * *
The kobold demonologist looks encouraged for a moment.
The yak attacks as you move away! The yak gores you but does no damage.
The yak gores you!
You die...

#.....# ∆∆
############.....#
.................#
.................#
............Y....#####
.K.......Y.Y..........
......................
........Y..............
.......@YY.............
.....#######...$.......
.... #........... # #
#.......... #..........
##########


You could see a kobold demonologist and 6 yaks.

Vanquished Creatures
  Prince Ribbit (D:5)
  A steam dragon (D:9)
  Edmund (D:6)
  A swamp worm (D:10)
  A water moccasin (D:7)
  An orc warrior (D:8)
  A black bear (D:5)
  5 centaurs
  Blork the orc (D:4)
  A bullfrog (D:8)
  3 scorpions
  3 wights
  2 orc priests
  5 hounds
  3 iguanas
  5 orc wizards
  Robin (D:3)
  6 gnolls
  2 adders (D:5)
  An ufetubus (D:5)
  A worm (D:3)
  2 dart slugs (D:2)
  27 orcs
  8 endoplasms
  2 giant cockroaches
  19 goblins
  7 hobgoblins
  2 jackals (D:1)
  2 quokkas
  A ball python (D:4)
  5 bats
  2 frilled lizards
  9 kobolds
  5 rats
137 creatures vanquished.

Notes
Turn   | Place    | Note
-------+----------+-------------------------------------------
     0 | D:1      | ChrisAssaf the Gnoll Monk began the quest for the Orb.
     0 | D:1      | Reached XP level 1. HP: 23/23 MP: 1/1
    81 | D:1      | Reached XP level 2. HP: 29/29 MP: 2/2
   445 | D:2      | Found a runed translucent door.
   446 | D:2      | Noticed Crazy Yiuf
  1282 | D:2      | Banished Crazy Yiuf
  1283 | D:2      | Reached skill level 1 in Short Blades
  1283 | D:2      | Reached skill level 1 in Long Blades
  1283 | D:2      | Reached skill level 1 in Maces & Flails
  1283 | D:2      | Reached skill level 1 in Polearms
  1283 | D:2      | Reached skill level 1 in Staves
  1283 | D:2      | Reached skill level 1 in Ranged Weapons
  1283 | D:2      | Reached skill level 1 in Throwing
  1283 | D:2      | Reached skill level 1 in Armour
  1283 | D:2      | Reached skill level 1 in Stealth
  1283 | D:2      | Reached skill level 1 in Shields
  1283 | D:2      | Reached skill level 1 in Unarmed Combat
  1283 | D:2      | Reached skill level 1 in Spellcasting
  1283 | D:2      | Reached skill level 1 in Invocations
  1283 | D:2      | Reached skill level 1 in Evocations
  1283 | D:2      | Reached XP level 3. HP: 34/35 MP: 2/4
  1526 | D:3      | Reached XP level 4. HP: 41/41 MP: 5/5
  1863 | D:4      | Noticed Blork the orc
  1868 | D:4      | Killed Blork the orc
  1869 | D:4      | Reached skill level 1 in Conjurations
  1869 | D:4      | Reached skill level 1 in Hexes
  1869 | D:4      | Reached skill level 1 in Summonings
  1869 | D:4      | Reached skill level 1 in Necromancy
  1869 | D:4      | Reached skill level 1 in Translocations
  1869 | D:4      | Reached skill level 1 in Transmutations
  1869 | D:4      | Reached skill level 1 in Fire Magic
  1869 | D:4      | Reached skill level 1 in Ice Magic
  1869 | D:4      | Reached skill level 1 in Air Magic
  1869 | D:4      | Reached skill level 1 in Earth Magic
  1869 | D:4      | Reached skill level 1 in Poison Magic
  1869 | D:4      | Reached XP level 5. HP: 47/47 MP: 5/7
  1877 | D:5      | Entered Level 5 of the Dungeon
  1941 | D:5      | Noticed a black bear
  2031 | D:5      | Killed a black bear
  2032 | D:5      | Reached XP level 6. HP: 20/53 MP: 7/9
  2300 | D:5      | Noticed Prince Ribbit
  2324 | D:5      | Killed Prince Ribbit
  2325 | D:5      | Reached XP level 7. HP: 44/60 MP: 10/10
  2440 | D:5      | Found a blossoming altar of Fedhas.
  2672 | D:4      | Found Foass's Antique Armour Boutique.
  2676 | D:4      | Bought a glowing ring mail for 182 gold pieces
  2936 | D:4      | Learned a level 2 spell: Momentum Strike
  2939 | D:4      | Learned a level 2 spell: Blink
  3527 | D:3      | Noticed Robin
  3528 | D:3      | Noticed Ijyb
  3534 | D:3      | Banished Ijyb
  3546 | D:3      | Killed Robin
  4901 | D:1      | You fall into a shaft and drop 1 floor!
  5079 | D:6      | Reached XP level 8. HP: 59/67 MP: 12/12
  5139 | D:6      | Found an iron altar of Okawaru.
  5193 | D:6      | Found a hazy altar of Hepliaklqana.
  5215 | D:6      | Found Mul Luif's Armour Shop.
  5708 | D:6      | Noticed Edmund
  5724 | D:6      | Killed Edmund
  5762 | D:7      | Found a broken altar of Ashenzari.
  5763 | D:7      | Found an ancient bone altar of Kikubaaqudgha.
  5869 | D:7      | Reached XP level 9. HP: 19/66 MP: 14/14
  6321 | D:9      | Gained mutation: You are robust. (+10% HP) [potion of
                  | mutation]
  6321 | D:9      | Gained mutation: Your system is resistant to poisons.
                  | (rPois) [potion of mutation]
  6321 | D:9      | Gained mutation: You are clumsy. (Dex -2) [potion of
                  | mutation]
  6603 | D:9      | Reached skill level 5 in Invocations
  6668 | D:9      | Identified the amulet "Huecasch" {Spirit rC+ rN+}
  6765 | D:10     | Entered Level 10 of the Dungeon
  6814 | D:10     | Noticed a two-headed ogre
  6818 | D:10     | a two-headed ogre changed into a swamp worm
  6986 | D:10     | Noticed a kobold demonologist
  6987 | D:10     | Slain by a yak

Illustrated notes

Levels and vault maps discovered:
D:1:      mrwooster_arrival_arrow, layout_basic
D:2:      layout_basic, uniq_crazy_yiuf_cottage
D:3:      layout_basic, hangedman_decor_push, corexii_shack, nicolae_goblin_pals
D:4:      kennysheep_the_goblin_king, layout_basic, serial_shops,
          nicolae_shop_hallway_stairs, chequers_serial_rivers_micro_b,
          nicolae_figureground_sparkle, uniq_blork_the_orc
D:5:      layout_rooms, fedhas_altar_2, uniq_prince_ribbit1
D:6:      layout_rooms, lemuel_doored_altar, kennysheep_little_box,
          serial_shops, nicolae_shop_competitors_out_of_business,
          minmay_misc_feat_rows, corexii_item_surrounded_by_moat,
          nicolae_stop_n_shop_1, kennysheep_diamond, grunt_ministairs_14,
          minmay_misc_feat_encased, uniq_edmund
D:7:      minmay_inner_zag, layout_cave_pods, lemuel_tele_altar,
          mainiacjoe_overflow_divided_tiny, lemuel_temple_firewalk_a
D:8:      layout_cave_pods, serial_rivers, chequers_serial_rivers_micro_c,
          chequers_serial_rivers_small_3, chequers_serial_rivers_small_3,
          chequers_serial_rivers_micro_c
D:9:      layout_loops_ring, minmay_misc_feat_ornament, kennysheep_pointless_box
D:10:     layout_irregular_city, orc_0_dummy, kennysheep_generic_room_3,
          uniq_erolcha

Skill      XL: |  1  2  3  4  5  6  7  8  9 |
---------------+----------------------------+-----
Short Blades   | 1 2 3 4 |  4.7
Long Blades    | 1 2 3 4 |  4.7
Maces & Flails | 1 2 3 4 |  4.7
Polearms       | 1 2 3 4 |  4.7
Staves         | 1 2 3 4 |  4.7
Ranged Weapons | 1 2 3 4 |  4.7
Throwing       | 1 2 3 4 |  4.7
Armour         | 1 2 3 4 |  4.7
Stealth        | 1 2 3 4 |  4.7
Shields        | 1 2 3 4 |  4.7
Unarmed Combat | 1 2 3 4 |  4.7
Spellcasting   | 1 2 3 4 |  4.7
Invocations    | 1 2 3 4 5 |  5.2
Evocations     | 1 2 3 4 |  4.7
Conjurations   | 1 2 3 |  3.9
Hexes          | 1 2 3 |  3.9
Summonings     | 1 2 3 |  3.9
Necromancy     | 1 2 3 |  3.9
Translocations | 1 2 3 |  3.9
Transmutations | 1 2 3 |  3.9
Fire Magic     | 1 2 3 |  3.9
Ice Magic      | 1 2 3 |  3.9
Air Magic      | 1 2 3 |  3.9
Earth Magic    | 1 2 3 |  3.9
Poison Magic   | 1 2 3 |  3.9
Fighting       | 7 8 |  8.2
Axes           | 7 8 |  8.2
Dodging        | 7 8 |  8.2

Action                     |  1- 3 |  4- 6 |  7- 9 || total
---------------------------+-------+-------+-------++-------
  Melee: Dagger            |    40 |    48 |   303 ||   391
         Bite              |     6 |     5 |    39 ||    50
  Throw: Throwing net      |       |       |     1 ||     1
  Evoke: Wand              |       |    10 |    22 ||    32
    Use: Scroll            |     4 |     2 |    12 ||    18
         Potion            |       |     1 |    14 ||    15
 Armour: Robe              |     3 |     9 |     2 ||    14
         Ring mail         |       |       |   105 ||   105
  Dodge: Dodged            |    32 |    31 |   234 ||   297
